[Event "26th Zadar Open 2019"]
[Site "Zadar"]
[Date "2019.12.17"]
[Round "1.3"]
[White "Antova, Gabriela"]
[Black "Brkic, Ante"]
[Result "0-1"]
[ECO "D38"]
[WhiteElo "2314"]
[BlackElo "2576"]
[Annotator "ChessBase"]
[PlyCount "136"]
[EventDate "2019.12.15"]
[EventType "swiss"]
[EventCountry "CRO"]
[SourceTitle "playchess.com"]
[Source "ChessBase"]
[SourceQuality "1"]
[TimeControl "40/5400+30:1800+30"]

1. d4 d5 2. c4 e6 3. Nf3 Nf6 4. Nc3 Bb4 5. Bg5 Nbd7 6. cxd5 exd5 7. e3 c5 8. Bd3 Qa5 9. Qc2 c4 10. Bf5 O-O 11. O-O Re8 12. Rfb1 g6 13. Bxd7 Nxd7 14. a3 Bf8 15. b4 cxb3 16. Rxb3 a6 17. Qb2 b6 18. Bf4 Re6 19. a4 Bb7 20. Ne2 f6 21. h4 Rc8 22. h5 g5 23. Bg3 Rec6 24. Qb1 Rc2 25. Qd1 R2c4 26. Rb2 Rb4 27. Rba2 b5 28. axb5 Qxb5 29. Ra5 Qc4 30. Ne1 Qb3 31. Nd3 Qxd1+ 32. Rxd1 Rb3 33. Ra2 Kg7 34. f3 Kh6 35. Be1 Kxh5 36. g4+ Kg6 37. Ng3 Rc6 38. Ba5 Nb6 39. Bxb6 Rcxb6 40. Rc2 Bc6 41. Kf2 a5 42. e4 a4 43. e5 a3 44. Nh5 Bb5 45. Nc5 Bxc5 46. dxc5 Rb8 47. c6 Rb2 48. Rxb2 axb2 49. c7 Rc8 50. Rb1 fxe5 51. Rxb2 Bd7 52. Rb6+ Kf7 53. Nf6 Rxc7 54. Nxh7 Rc2+ 55. Kg3 Bc6 56. Nxg5+ Kg7 57. Rb3 d4 58. Rb1 Kf6 59. Nh7+ Kg6 60. Nf8+ Kf7 61. Nh7 Rc3 62. Rf1 e4 63. Kf4 e3 64. Ng5+ Ke7 65. Re1 Rc2 66. Ke5 d3 67. Rxe3 d2 68. Kf4+ Kf8 0-1

[Event "26th Zadar Open 2019"]
[Site "Zadar"]
[Date "2019.12.15"]
[Round "1.4"]
[White "Saric, Ante"]
[Black "Ascic, Pero"]
[Result "1-0"]
[ECO "E18"]
[WhiteElo "2556"]
[BlackElo "2310"]
[Annotator "ChessBase"]
[PlyCount "61"]
[EventDate "2019.12.15"]
[EventType "swiss"]
[EventCountry "CRO"]
[SourceTitle "playchess.com"]
[Source "ChessBase"]
[SourceQuality "1"]
[TimeControl "40/5400+30:1800+30"]

1. d4 Nf6 2. Nf3 e6 3. c4 d5 4. g3 Be7 5. Bg2 O-O 6. O-O b6 7. cxd5 exd5 8. Nc3 Bb7 9. Ne5 c6 10. e4 dxe4 11. Nxe4 Nd5 12. Nc3 Nxc3 13. bxc3 Qc7 14. Re1 Bd6 15. Nc4 Nd7 16. Nxd6 Qxd6 17. Bf4 Qa3 18. Qb3 {[%emt 0:02:30] 5} Qa6 19. Re7 {[%emt 0:02:30] 0} Nf6 20. Bf1 {[%emt 0:01:30] ]} b5 21. c4 {[%emt 0:00:30] 8} Qb6 22. c5 Qa6 23. a4 Nd5 24. Ree1 Nxf4 25. axb5 Nh3+ 26. Bxh3 Qxb5 27. Qc2 Bc8 28. Bxc8 Rfxc8 29. Reb1 a5 30. Rxb5 cxb5 31. c6 1-0

[Event "26th Zadar Open 2019"]
[Site "Zadar"]
[Date "2019.12.17"]
[Round "1.5"]
[White "Sinanovic, Muhamed"]
[Black "Martinovic, Sasa"]
[Result "1-0"]
[ECO "A09"]
[WhiteElo "2309"]
[BlackElo "2544"]
[Annotator "ChessBase"]
[PlyCount "87"]
[EventDate "2019.12.15"]
[EventType "swiss"]
[EventCountry "CRO"]
[SourceTitle "playchess.com"]
[Source "ChessBase"]
[SourceQuality "1"]
[TimeControl "40/5400+30:1800+30"]

1. g3 {[%emt 0:00:30] 0} d5 {[%emt 0:00:30] 0} 2. Bg2 {[%emt 0:00:00] 0} e5 3. c4 d4 4. d3 Nc6 5. Nf3 Bb4+ 6. Bd2 a5 7. Na3 Nf6 8. Nc2 Bxd2+ 9. Nxd2 O-O 10. O-O Bg4 11. h3 Bf5 12. a3 Qe7 13. Rb1 e4 14. dxe4 Nxe4 15. Nxe4 Bxe4 16. Bxe4 Qxe4 17. Qd3 Rfe8 18. Qxe4 Rxe4 19. Rfd1 Rae8 20. b4 axb4 21. axb4 b6 22. b5 Rxe2 23. Nxd4 Nxd4 24. Rxd4 Rc2 25. h4 g6 26. Kg2 Re5 27. Rf4 Rf5 28. Rxf5 gxf5 29. Rb4 Kg7 30. Kf3 Kf6 31. Ra4 Ke5 32. Ke3 h5 33. f3 Rc3+ 34. Ke2 Kd6 35. Kf2 Rd3 36. Ra8 Kc5 37. Rh8 Kxc4 38. Rxh5 Rd5 39. g4 Rd2+ 40. Ke1 Rh2 41. Rxf5 Rxh4 42. Rxf7 Kxb5 43. Rxc7 Rh2 44. Kf1 1-0

[Event "26th Zadar Open 2019"]
[Site "Zadar"]
[Date "2019.12.17"]
[Round "1.6"]
[White "Yeoh, Li Tian"]
[Black "Guttenthaler, Franz"]
[Result "1-0"]
[ECO "A07"]
[WhiteElo "2530"]
[BlackElo "2304"]
[Annotator "ChessBase"]
[PlyCount "75"]
[EventDate "2019.12.15"]
[EventType "swiss"]
[EventCountry "CRO"]
[SourceTitle "playchess.com"]
[Source "ChessBase"]
[SourceQuality "1"]
[TimeControl "40/5400+30:1800+30"]

1. Nf3 Nf6 2. g3 d5 3. Bg2 Nbd7 4. O-O e5 5. d4 e4 6. Nfd2 c6 7. e3 Nb6 8. f3 exf3 9. Qxf3 Be7 10. Nc3 O-O 11. h3 Be6 12. Ne2 Qd7 13. g4 h6 14. c3 Nc8 15. Ng3 Nd6 16. b3 Rfe8 17. Bb2 a5 18. a4 Bf8 19. c4 Rad8 20. Rae1 Nh7 21. e4 Ng5 22. Qf4 Ndxe4 23. Ndxe4 Nxe4 24. Nxe4 dxe4 25. Bxe4 f6 26. Bc2 Bf7 27. Re3 Bd6 28. Qf3 Rxe3 29. Qxe3 Re8 30. Qd3 Qe7 31. Qh7+ Kf8 32. Qh8+ Bg8 33. Bc1 Kf7 34. Bd3 c5 35. g5 hxg5 36. Bxg5 cxd4 37. Qh5+ Kf8 38. Rxf6+ 1-0

[Event "26th Zadar Open 2019"]
[Site "Zadar"]
[Date "2019.12.15"]
[Round "1.7"]
[White "Sai Agni Jeevitesh, J."]
[Black "Stany, G.A."]
[Result "1/2-1/2"]
[ECO "A11"]
[WhiteElo "2301"]
[BlackElo "2526"]
[Annotator "ChessBase"]
[PlyCount "72"]
[EventDate "2019.12.15"]
[EventType "swiss"]
[EventCountry "CRO"]
[SourceTitle "playchess.com"]
[Source "ChessBase"]
[SourceQuality "1"]
[TimeControl "40/5400+30:1800+30"]

1. Nf3 d5 2. c4 e6 3. e3 Nf6 4. Nc3 Nbd7 5. b3 c6 6. Bb2 Bd6 7. Qc2 Qe7 8. Be2 e5 9. cxd5 Nxd5 10. Ne4 Ba3 11. O-O Bxb2 12. Qxb2 O-O 13. Ng3 e4 14. Nd4 Re8 15. d3 exd3 16. Bxd3 Ne5 17. Be2 a5 18. a3 g6 19. Nf3 h5 20. Nxe5 Qxe5 21. Qxe5 Rxe5 22. h4 Be6 23. Rfd1 Nc3 24. Rd3 Rc5 25. Bd1 Nxd1 26. Raxd1 Rb5 27. Ne2 Bxb3 28. Rd8+ Rxd8 29. Rxd8+ Kg7 30. Nd4 Rb6 31. Rc8 Bc4 32. Kh2 Kf6 33. Kg3 Ke7 34. Kf4 Rb2 35. Nf3 Be6 36. Ra8 Rxf2 1/2-1/2

[Event "26th Zadar Open 2019"]
[Site "Zadar"]
[Date "2019.12.15"]
[Round "1.8"]
[White "Livaic, Leon"]
[Black "Sutkovic, Damir"]
[Result "1-0"]
[ECO "E61"]
[WhiteElo "2505"]
[BlackElo "2292"]
[Annotator "ChessBase"]
[PlyCount "83"]
[EventDate "2019.12.15"]
[EventType "swiss"]
[EventCountry "CRO"]
[SourceTitle "playchess.com"]
[Source "ChessBase"]
[SourceQuality "1"]
[TimeControl "40/5400+30:1800+30"]

1. d4 Nf6 2. c4 d6 3. Nc3 Bf5 4. Nf3 g6 5. Qb3 b6 6. g3 Nc6 7. d5 Na5 8. Qd1 Bg7 9. Nd4 Bd7 10. e4 O-O 11. Be2 c5 12. Nb3 Nxb3 13. axb3 a6 14. O-O b5 15. Qc2 b4 16. Nd1 e6 17. dxe6 Bxe6 18. Ne3 Re8 19. Rd1 Qb6 20. Bf3 Rad8 21. Bg2 Bc8 22. Kh1 Bb7 23. f3 Qc7 24. Bd2 Qb8 25. Re1 Re7 26. Rad1 Rde8 27. Bc1 Nd7 28. Re2 Ne5 29. Nd5 Bxd5 30. cxd5 c4 31. f4 cxb3 32. Qxb3 Nd7 33. Be3 Rc8 34. Rc2 Rxc2 35. Qxc2 b3 36. Qc4 Re8 37. Rd3 Rc8 38. Qxb3 Bxb2 39. Bh3 Qxb3 40. Rxb3 Rb8 41. Rxb8+ Nxb8 42. Ba7 1-0

[Event "26th Zadar Open 2019"]
[Site "Zadar"]
[Date "2019.12.15"]
[Round "1.10"]
[White "Rogic, Davor"]
[Black "Dimitrov, Vladimir"]
[Result "0-1"]
[ECO "B50"]
[WhiteElo "2485"]
[BlackElo "2285"]
[Annotator "ChessBase"]
[PlyCount "104"]
[EventDate "2019.12.15"]
[EventType "swiss"]
[EventCountry "CRO"]
[SourceTitle "playchess.com"]
[Source "ChessBase"]
[SourceQuality "1"]
[TimeControl "40/5400+30:1800+30"]

1. e4 c5 2. Nf3 d6 3. Bc4 Nf6 4. d3 Nc6 5. c3 a6 6. Bb3 Bg4 7. h3 Bh5 8. Bf4 e6 9. Nbd2 Be7 10. Qe2 h6 11. g4 Bg6 12. Rg1 d5 13. Ne5 Nxe5 14. Bxe5 dxe4 15. dxe4 Nd7 16. Bg3 b5 17. O-O-O Qa5 18. f4 c4 19. Bc2 Qxa2 20. Bb1 Qa1 21. f5 Nc5 {[%emt 0:02:30] 6} 22. Nf3 Bh7 {[%emt 0:07:30] 4} 23. Bd6 Nd3+ 24. Rxd3 cxd3 25. Qh2 Rc8 26. Nd2 Bg5 27. h4 Bf6 28. Bb4 Be7 29. Nb3 Qa4 30. Nc5 Bxc5 31. Bxc5 Rxc5 32. Qb8+ Kd7 33. fxe6+ fxe6 34. Qxh8 Qd4 35. Rg3 Bxe4 36. Qf8 Bg6 37. Bxd3 Bxd3 38. Rxd3 Qxd3 39. Qxc5 Qf1+ 40. Kc2 Qe2+ 41. Kc1 Qe1+ 42. Kc2 Qe4+ 43. Kc1 Qxg4 44. Qa7+ Ke8 45. Qxa6 Qc4 46. Qb7 g5 47. hxg5 hxg5 48. Qg7 g4 49. Kd2 Qf4+ 50. Kd3 g3 51. b3 Qf3+ 52. Kd4 g2 0-1

[Event "26th Zadar Open 2019"]
[Site "Zadar"]
[Date "2019.12.17"]
[Round "1.11"]
[White "de Francesco, Klaus"]
[Black "Galperin, Platon"]
[Result "0-1"]
[ECO "A45"]
[WhiteElo "2273"]
[BlackElo "2462"]
[Annotator "ChessBase"]
[PlyCount "64"]
[EventDate "2019.12.15"]
[EventType "swiss"]
[EventCountry "CRO"]
[SourceTitle "playchess.com"]
[Source "ChessBase"]
[SourceQuality "1"]
[TimeControl "40/5400+30:1800+30"]

1. d4 {[%emt 0:00:30] 2} Nf6 {[%emt 0:00:30] 2} 2. Bf4 {[%emt 0:00:00] 2} c5 3. e3 Nd5 4. Bg3 Qb6 5. Nc3 Nxc3 6. bxc3 d6 7. Nf3 g6 8. Be2 Bg7 9. O-O O-O 10. e4 Nd7 11. Qd3 Qc7 12. Rab1 Nf6 13. h3 b6 14. Bh2 Bb7 15. e5 dxe5 16. Nxe5 Be4 17. Qc4 Bd5 18. Qd3 Qb7 19. dxc5 Rad8 20. Qb5 Ne4 21. c6 Qc8 22. c7 Rd6 23. Nc4 Bxc4 24. Bxc4 Nxc3 25. Qa6 e5 26. Qxa7 Nxb1 27. Ba6 Qd7 28. Rxb1 Qa4 29. Bg3 b5 30. Qc5 Qxa6 31. Rxb5 Rc6 32. Qxf8+ Bxf8 0-1

[Event "26th Zadar Open 2019"]
[Site "Zadar"]
[Date "2019.12.15"]
[Round "1.13"]
[White "Stocko, Josip"]
[Black "Spalir, Jernej"]
[Result "1/2-1/2"]
[ECO "C54"]
[WhiteElo "2267"]
[BlackElo "2429"]
[Annotator "NA"]
[PlyCount "86"]
[EventDate "2019.12.15"]
[EventType "swiss"]
[EventCountry "CRO"]
[SourceTitle "playchess.com"]
[Source "ChessBase"]
[SourceQuality "1"]
[TimeControl "40/5400+30:1800+30"]

1. e4 e5 2. Nf3 Nc6 3. Bc4 Bc5 4. c3 Nf6 5. d3 O-O 6. O-O d5 7. exd5 Nxd5 8. a4 a6 9. a5 b5 10. axb6 Nxb6 11. Bb3 Bf5 12. Bc2 a5 13. d4 Bxc2 14. Qxc2 Bd6 15. dxe5 Nxe5 16. Nxe5 Bxe5 17. Nd2 Qd5 18. Nf3 Bf6 19. Bf4 Qc4 20. Bg5 Bxg5 21. Nxg5 Qh4 22. Nf3 Qh5 23. Nd4 Rfe8 24. Rfe1 g6 25. Re4 Qd5 26. Rae1 Rxe4 27. Rxe4 a4 28. Qe2 Nc4 29. Re8+ Rxe8 30. Qxe8+ Kg7 31. Qxa4 c5 32. Nf3 Qd3 33. h3 Nxb2 34. Qb3 Nd1 35. Qxf7+ Kxf7 36. Ne5+ Ke6 37. Nxd3 Kd5 38. Nf4+ Ke4 39. Ne6 c4 40. Nc5+ Kd5 41. Na4 Ke4 42. Nc5+ Kd5 43. Na4 Ke4 1/2-1/2

[Event "26th Zadar Open 2019"]
[Site "Zadar"]
[Date "2019.12.15"]
[Round "1.14"]
[White "Hnydiuk, Aleksander"]
[Black "Gelbenegger, Patrick"]
[Result "1-0"]
[ECO "E04"]
[WhiteElo "2423"]
[BlackElo "2267"]
[Annotator "NA"]
[PlyCount "65"]
[EventDate "2019.12.15"]
[EventType "swiss"]
[EventCountry "CRO"]
[SourceTitle "playchess.com"]
[Source "ChessBase"]
[SourceQuality "1"]
[TimeControl "40/5400+30:1800+30"]

1. Nf3 Nf6 2. c4 e6 3. g3 d5 4. d4 c6 5. Bg2 Nbd7 6. O-O dxc4 7. a4 Nd5 8. e4 Nb4 9. Na3 a5 10. Bg5 Be7 11. Bxe7 Qxe7 12. Nxc4 O-O 13. Re1 Nf6 14. Qd2 Rd8 15. Qc3 Qc7 16. Na3 Qb6 17. Nc2 Nxc2 18. Qxc2 Bd7 19. Rad1 Rac8 20. e5 Nd5 21. Ng5 g6 22. Ne4 Kg7 23. Nd6 Rc7 24. Qd2 Nb4 25. Qg5 Rf8 26. Qf6+ Kg8 27. h4 h5 28. g4 Nd5 29. Bxd5 exd5 30. gxh5 gxh5 31. Qg5+ Kh7 32. Qxh5+ Kg7 33. Kh2 1-0

[Event "26th Zadar Open 2019"]
[Site "Zadar"]
[Date "2019.12.15"]
[Round "1.15"]
[White "Krasteva, Beloslava"]
[Black "Rezan, Sasa"]
[Result "1/2-1/2"]
[ECO "E48"]
[WhiteElo "2264"]
[BlackElo "2415"]
[Annotator "NA"]
[PlyCount "103"]
[EventDate "2019.12.15"]
[EventType "swiss"]
[EventCountry "CRO"]
[SourceTitle "playchess.com"]
[Source "ChessBase"]
[SourceQuality "1"]
[TimeControl "40/5400+30:1800+30"]

1. d4 Nf6 2. c4 e6 3. Nc3 Bb4 4. e3 O-O 5. Bd3 d5 6. cxd5 exd5 7. Nge2 Re8 8. Bd2 a6 9. O-O Bf8 10. Rc1 b6 11. Nf4 Bb7 12. Re1 Qd6 13. Bf1 Nbd7 14. g3 c5 15. Bg2 Rac8 16. Qb3 c4 17. Qc2 b5 18. a3 g6 19. Rcd1 Bh6 20. f3 Nb8 21. Bc1 b4 22. axb4 Nc6 23. b5 Nb4 24. Qd2 Bxf4 25. gxf4 Nd3 26. Re2 Re7 27. Bf1 Rce8 28. Qc2 Qb6 29. bxa6 Bxa6 30. Na4 Qd6 31. Nc5 Bb5 32. Bd2 Nxf4 33. Ree1 Nd3 34. Nxd3 cxd3 35. Bxd3 Bxd3 36. Qxd3 Nh5 37. Qf1 Qf6 38. Qg2 Ng7 39. Qf2 Nf5 40. Kh1 Nd6 41. Bb4 Rb7 42. Bxd6 Qxd6 43. e4 Qb4 44. Re2 Qa4 45. Rde1 Rb4 46. exd5 Rxe2 47. Qxe2 Rxd4 48. Qe5 Rd2 49. Qb8+ Kg7 50. Qe5+ Kg8 51. Qb8+ Kg7 52. Qe5+ 1/2-1/2

[Event "26th Zadar Open 2019"]
[Site "Zadar"]
[Date "2019.12.15"]
[Round "1.16"]
[White "Nguyen, Piotr"]
[Black "Deglmann, Ludwig"]
[Result "1/2-1/2"]
[ECO "A87"]
[WhiteElo "2413"]
[BlackElo "2261"]
[Annotator "NA"]
[PlyCount "67"]
[EventDate "2019.12.15"]
[EventType "swiss"]
[EventCountry "CRO"]
[SourceTitle "playchess.com"]
[Source "ChessBase"]
[SourceQuality "1"]
[TimeControl "40/5400+30:1800+30"]

1. Nf3 f5 2. g3 Nf6 3. Bg2 g6 4. d4 Bg7 5. O-O O-O 6. c4 c6 7. Nc3 Na6 8. Ne5 d6 9. Nd3 e5 10. dxe5 dxe5 11. Nxe5 Ne4 12. f4 Qb6+ 13. e3 Rd8 14. Qe1 Nac5 15. Nxe4 fxe4 16. Rb1 Nd3 17. Nxd3 exd3 18. b3 Bf5 19. Bd2 Re8 20. Qf2 a5 21. Kh1 Bf8 22. h3 Bb4 23. Rbe1 Be4 24. g4 Qc5 25. f5 Qe5 26. f6 Rf8 27. f7+ Kg7 28. Bxe4 Qxe4+ 29. Kg1 Bxd2 30. Qf6+ Kh6 31. Qh4+ Kg7 32. Qf6+ Kh6 33. Qh4+ Kg7 34. Qf6+ 1/2-1/2

[Event "26th Zadar Open 2019"]
[Site "Zadar"]
[Date "2019.12.15"]
[Round "1.17"]
[White "Sahil, Tickoo"]
[Black "Moksh Amit Doshi"]
[Result "0-1"]
[ECO "A48"]
[WhiteElo "2259"]
[BlackElo "2399"]
[Annotator "NA"]
[PlyCount "92"]
[EventDate "2019.12.15"]
[EventType "swiss"]
[EventCountry "CRO"]
[SourceTitle "playchess.com"]
[Source "ChessBase"]
[SourceQuality "1"]
[TimeControl "40/5400+30:1800+30"]

1. d4 Nf6 2. Bf4 b6 3. e3 Bb7 4. Nd2 g6 5. Ngf3 d6 6. h3 Bg7 7. Bd3 O-O 8. O-O Nbd7 9. Bh2 Re8 10. e4 e5 11. d5 Nc5 12. Bb5 Rf8 13. Re1 a6 14. Bf1 Ne8 15. b4 Nd7 16. a4 f5 17. a5 f4 18. c4 g5 19. Nb3 Rf7 20. axb6 cxb6 21. c5 dxc5 22. bxc5 Nxc5 23. Nxc5 bxc5 24. Nd2 a5 25. Nc4 Ba6 26. Nxa5 Bxf1 27. Nc6 Rxa1 28. Qxa1 Qc8 29. Kxf1 f3 30. Re3 g4 31. h4 Nd6 32. Rb3 Rb7 33. Rxb7 Qxb7 34. Bxe5 Nxe4 35. Bxg7 Qb5+ 36. Kg1 Qe2 37. Bd4 cxd4 38. Qxd4 Qe1+ 39. Kh2 g3+ 40. Kh3 gxf2 41. Ne7+ Kf7 42. Nf5 Qh1+ 43. Kg4 Nf6+ 44. Kf4 Qc1+ 45. Kg3 f1=Q 46. Nd6+ Kg8 0-1

[Event "26th Zadar Open 2019"]
[Site "Zadar"]
[Date "2019.12.15"]
[Round "1.18"]
[White "Bukal, Vladimir Jr."]
[Black "Zelic, Mladen"]
[Result "1-0"]
[ECO "D00"]
[WhiteElo "2393"]
[BlackElo "2254"]
[Annotator "NA"]
[PlyCount "65"]
[EventDate "2019.12.15"]
[EventType "swiss"]
[EventCountry "CRO"]
[SourceTitle "playchess.com"]
[Source "ChessBase"]
[SourceQuality "1"]
[TimeControl "40/5400+30:1800+30"]

1. d4 Nf6 2. Nf3 g6 3. Nc3 d5 4. Bf4 Bg7 5. e3 O-O 6. h3 c5 7. Ne5 Nc6 8. Be2 cxd4 9. exd4 Qb6 10. Nxc6 bxc6 11. Na4 Qa5+ 12. c3 Ba6 13. Nc5 Bxe2 14. Qxe2 Rfe8 15. O-O Nh5 16. Bh2 e5 17. b4 Qa3 18. dxe5 Qxc3 19. Nd3 Rac8 20. Qf3 f6 21. Rac1 Qd4 22. Rfd1 Qe4 23. Qxe4 dxe4 24. Nc5 Bh6 25. Rc3 f5 26. g4 Nf4 27. Bxf4 Bxf4 28. e6 Rcd8 29. Rd7 Bd6 30. Rxd8 Rxd8 31. Nb7 Bxb4 32. Nxd8 Bxc3 33. e7 1-0

[Event "26th Zadar Open 2019"]
[Site "Zadar"]
[Date "2019.12.15"]
[Round "1.19"]
[White "Chan, Kim Yew"]
[Black "Lye, Lik Zang"]
[Result "1/2-1/2"]
[ECO "A09"]
[WhiteElo "2245"]
[BlackElo "2379"]
[Annotator "NA"]
[PlyCount "179"]
[EventDate "2019.12.15"]
[EventType "swiss"]
[EventCountry "CRO"]
[SourceTitle "playchess.com"]
[Source "ChessBase"]
[SourceQuality "1"]
[TimeControl "40/5400+30:1800+30"]

1. Nf3 d5 2. c4 d4 3. b4 c5 4. e3 Nf6 5. bxc5 Nc6 6. exd4 Nxd4 7. Bb2 e5 8. Nxd4 exd4 9. d3 Bxc5 10. Be2 O-O 11. O-O Bf5 12. Nd2 Re8 13. Nb3 b6 14. Qd2 Qd6 15. Nxc5 bxc5 16. Rfe1 Rab8 17. Ba3 Nd7 18. Qa5 Qb6 19. Qa4 Ne5 20. Rab1 Qxb1 21. Qxe8+ Rxe8 22. Rxb1 Nxd3 23. Bxd3 Bxd3 24. Rc1 Bxc4 25. Bxc5 d3 26. Be3 Bxa2 27. Ra1 Bb3 28. Rxa7 f5 29. Rd7 f4 30. Bd2 Bc4 31. h4 f3 32. gxf3 Re2 33. Be3 Kf8 34. Kg2 Ke8 35. Rd4 Bb5 36. Rd5 Ba6 37. Rd6 Ra2 38. Kg3 Ke7 39. Rd4 Ke6 40. Kf4 Ra1 41. Rd8 Ra4+ 42. Kg3 Bc4 43. Rd4 Bb5 44. Rxa4 Bxa4 45. Kf4 Kd5 46. Bc1 Kd4 47. Bb2+ Kc4 48. Ke3 Kb3 49. Bc1 Kc2 50. Bd2 Bc6 51. f4 Be4 52. Ba5 Bf5 53. Bb4 Kb3 54. Ba5 Kc4 55. Bd2 Kd5 56. Bc3 g6 57. Ba5 Kc4 58. Bd2 Bc8 59. Ba5 Ba6 60. Bd2 Kd5 61. Bc3 Bb5 62. Ba5 Ke6 63. Bb4 Kf5 64. f3 Ke6 65. Ba5 Kd5 66. Bc3 Kc4 67. Ba5 Kb3 68. Be1 Kc2 69. Ba5 Bc6 70. Bb4 Kb3 71. Be1 Kc4 72. Ba5 Bb5 73. Be1 Kd5 74. Ba5 Ke6 75. Bb4 Kf6 76. Bc3+ Kf7 77. Bd4 Bc6 78. Bc3 Bb7 79. Bd4 d2 80. Kxd2 Bxf3 81. Ke3 Bb7 82. Bb6 Kf6 83. Bd8+ Kf5 84. Bg5 Kg4 85. Bd8 h6 86. Be7 Bc6 87. Bd8 Bb7 88. Be7 Bc6 89. Bd8 Bb7 90. Be7 1/2-1/2

[Event "26th Zadar Open 2019"]
[Site "Zadar"]
[Date "2019.12.15"]
[Round "1.22"]
[White "Plenkovic, Zdenko"]
[Black "Mitev, Valentin"]
[Result "0-1"]
[ECO "B61"]
[WhiteElo "2355"]
[BlackElo "2233"]
[Annotator "NA"]
[PlyCount "138"]
[EventDate "2019.12.15"]
[EventType "swiss"]
[EventCountry "CRO"]
[SourceTitle "playchess.com"]
[Source "ChessBase"]
[SourceQuality "1"]
[TimeControl "40/5400+30:1800+30"]

1. e4 c5 2. Nf3 d6 3. d4 Nf6 4. Nc3 cxd4 5. Nxd4 Nc6 6. Bg5 Bd7 7. Qd2 Rc8 8. Be2 Nxd4 9. Qxd4 Qa5 10. Bd2 e5 11. Qd3 Qc7 12. O-O a6 13. a4 Be7 14. Qg3 Be6 15. Qxg7 Rg8 16. Qh6 Rg6 17. Qe3 d5 18. exd5 Nxd5 19. Nxd5 Bxd5 20. Bf3 Bg5 21. Bxd5 Bxe3 22. fxe3 Rg7 23. c4 Rd8 24. Rac1 Rxd5 25. cxd5 Qd6 26. e4 Qg6 27. Rf2 Qxe4 28. Re1 Qxd5 29. Bc3 f6 30. g3 Qc5 31. Kf1 Qc6 32. Kg1 h5 33. Rxf6 Qxf6 34. Bxe5 Re7 35. Bxf6 Rxe1+ 36. Kg2 Ra1 37. Kf2 Rxa4 38. Bc3 Kd7 39. Ke3 Ke6 40. h3 Kd5 41. Kf3 Rc4 42. g4 hxg4+ 43. hxg4 Ke6 44. g5 Kf5 45. Bf6 Rb4 46. Ke3 Rb3+ 47. Kd2 Rg3 48. Kc2 Ke4 49. b3 Kd5 50. Bd8 Kc6 51. Be7 Kb5 52. Bf6 a5 53. Be7 a4 54. bxa4+ Kxa4 55. Kb2 b5 56. Kc2 b4 57. Kd2 b3 58. Kc1 Rg2 59. Kb1 Re2 60. Bf8 Re8 61. Bd6 Rg8 62. Be7 Rg7 63. Bf6 Rd7 64. g6 Ka3 65. Bb2+ Kb4 66. Be5 Rd2 67. g7 Ka3 68. Kc1 Rg2 69. Bd4 Ka2 0-1

[Event "26th Zadar Open 2019"]
[Site "Zadar"]
[Date "2019.12.15"]
[Round "1.23"]
[White "Vidic, Teja"]
[Black "Manush Shah"]
[Result "0-1"]
[ECO "B11"]
[WhiteElo "2221"]
[BlackElo "2341"]
[Annotator "NA"]
[PlyCount "114"]
[EventDate "2019.12.15"]
[EventType "swiss"]
[EventCountry "CRO"]
[SourceTitle "playchess.com"]
[Source "ChessBase"]
[SourceQuality "1"]
[TimeControl "40/5400+30:1800+30"]

1. e4 c6 2. Nc3 d5 3. Nf3 dxe4 4. Nxe4 Nf6 5. Qe2 Nxe4 6. Qxe4 Qd5 7. Qf4 Qf5 8. Qe3 Qe6 9. b3 Qxe3+ 10. fxe3 f6 11. Bb2 Bg4 12. h3 Bh5 13. g4 Bf7 14. O-O-O a5 15. d4 Bd5 16. Bg2 Nd7 17. e4 Bxe4 18. Rhe1 Bd5 19. c4 Bf7 20. d5 cxd5 21. cxd5 Rc8+ 22. Kb1 Rc5 23. Nh4 g6 24. a4 Kd8 25. Be4 Bh6 26. Nf3 Kc8 27. Ba3 Rc3 28. Kb2 Re3 29. Rc1+ Kd8 30. Rxe3 Bxe3 31. Rc3 Bf4 32. Nd4 Be5 33. Rd3 h5 34. Kc2 hxg4 35. Ne6+ Ke8 36. Ng7+ Kf8 37. Ne6+ Kg8 38. hxg4 Rh2+ 39. Kb1 Re2 40. Bf3 Re1+ 41. Kc2 g5 42. Kd2 Bg6 43. Kxe1 Bxd3 44. Kd2 Bf1 45. Bxe7 Kf7 46. Ba3 b6 47. Be4 b5 48. axb5 Bxb5 49. Nd8+ Ke8 50. Nc6 Bf4+ 51. Kc3 Ne5 52. Kd4 Bxc6 53. dxc6 Nxg4 54. Bf5 Ne3 55. Be6 Nc2+ 56. Ke4 Nxa3 57. Kf5 Ke7 0-1

[Event "26th Zadar Open 2019"]
[Site "Zadar"]
[Date "2019.12.15"]
[Round "1.24"]
[White "Bhambure, Shantanu"]
[Black "Ly, Dominik"]
[Result "1-0"]
[ECO "D61"]
[WhiteElo "2340"]
[BlackElo "2220"]
[Annotator "NA"]
[PlyCount "61"]
[EventDate "2019.12.15"]
[EventType "swiss"]
[EventCountry "CRO"]
[SourceTitle "playchess.com"]
[Source "ChessBase"]
[SourceQuality "1"]
[TimeControl "40/5400+30:1800+30"]

1. d4 d5 2. c4 c6 3. Nf3 Nf6 4. Qc2 e6 5. Bg5 Nbd7 6. e3 Be7 7. Nc3 O-O 8. Rd1 b6 9. Bd3 Bb7 10. O-O Rc8 11. Qb1 h6 12. Bh4 c5 13. cxd5 exd5 14. dxc5 bxc5 15. Bf5 Rb8 16. Bg3 Ra8 17. Rfe1 Nb6 18. e4 d4 19. Nb5 Ne8 20. Nfxd4 cxd4 21. Rxd4 Nd5 22. exd5 Bf6 23. Rdd1 Qb6 24. Nc3 Rd8 25. Be5 Bxe5 26. Rxe5 Nf6 27. Qd3 Qd6 28. Qd4 g6 29. Bh3 a6 30. g3 Rfe8 31. f4 1-0

[Event "26th Zadar Open 2019"]
[Site "Zadar"]
[Date "2019.12.15"]
[Round "1.25"]
[White "Hrescak, Ivana"]
[Black "Nester, Ihor"]
[Result "1/2-1/2"]
[ECO "A80"]
[WhiteElo "2194"]
[BlackElo "2329"]
[Annotator "NA"]
[PlyCount "104"]
[EventDate "2019.12.15"]
[EventType "swiss"]
[EventCountry "CRO"]
[SourceTitle "playchess.com"]
[Source "ChessBase"]
[SourceQuality "1"]
[TimeControl "40/5400+30:1800+30"]

1. d4 f5 2. Bg5 g6 3. h4 Bg7 4. e3 h6 5. Bf4 d6 6. Nf3 Nf6 7. Bc4 e6 8. Nc3 Qe7 9. Qe2 Nc6 10. Bh2 Bd7 11. Bb3 O-O-O 12. O-O-O e5 13. d5 Nb8 14. Bc4 Be8 15. Nd2 Nbd7 16. Nb5 Kb8 17. Nb3 Nb6 18. Nc3 g5 19. Na5 Nfd7 20. Bb5 Nc5 21. Rhe1 Bxb5 22. Nxb5 gxh4 23. f3 Qd7 24. Bg1 a6 25. Na3 Qa4 26. Nb3 Nxb3+ 27. axb3 Qa5 28. e4 fxe4 29. fxe4 Bf6 30. Kb1 Bg5 31. Rf1 Rhf8 32. Bf2 Nd7 33. Be1 Qb6 34. Bf2 c5 35. Nc4 Qc7 36. Be1 Rxf1 37. Qxf1 b6 38. Qe2 Rf8 39. Bc3 Rf6 40. Rf1 Qd8 41. b4 Ka7 42. bxc5 Nxc5 43. Rxf6 Qxf6 44. Bb4 Nb7 45. Be1 b5 46. Na3 Qf4 47. Bf2+ Kb8 48. Ka2 Qd2 49. Qf3 Qf4 50. Qe2 Qd2 51. Qf3 Qf4 52. Qe2 Qd2 1/2-1/2

[Event "26th Zadar Open 2019"]
[Site "Zadar"]
[Date "2019.12.15"]
[Round "1.26"]
[White "Rudolf, Michal"]
[Black "Ghersinich, Enrico"]
[Result "1-0"]
[ECO "B51"]
[WhiteElo "2328"]
[BlackElo "2157"]
[Annotator "NA"]
[PlyCount "75"]
[EventDate "2019.12.15"]
[EventType "swiss"]
[EventCountry "CRO"]
[SourceTitle "playchess.com"]
[Source "ChessBase"]
[SourceQuality "1"]
[TimeControl "40/5400+30:1800+30"]

1. e4 c5 2. Nf3 d6 3. Bb5+ Nd7 4. O-O a6 5. Bd3 b5 6. c4 Ne5 7. Nxe5 dxe5 8. Be2 b4 9. a3 Qa5 10. d3 e6 11. Nd2 Nf6 12. Nf3 Qc7 13. Be3 Ng4 14. Bd2 Bd7 15. Ne1 Nf6 16. axb4 cxb4 17. Nc2 Qb8 18. Ra5 Bd6 19. Qa1 Qb7 20. f4 Bc7 21. Rxe5 Bxe5 22. fxe5 Ng8 23. Bxb4 Bc6 24. Qa3 Ne7 25. Nd4 Ng6 26. Bd6 Bd7 27. Kh1 f6 28. exf6 gxf6 29. Rxf6 e5 30. Nf5 Bxf5 31. exf5 Nh4 32. Bh5+ Kd8 33. Qa5+ Kc8 34. Qc5+ Kd8 35. Bc7+ Qxc7 36. Qd5+ Qd7 37. Qxa8+ Kc7 38. Qxh8 1-0